 Dungeon Crawl Stone Soup version 0.13.1-19-g4b9377e (webtiles) character file.

210 ASDMAN the Skirmisher (level 5, -6/44 HPs)
             Began as a Ghoul Chaos Knight on Dec 21, 2013.
             Was a Plaything of Xom.
             Mangled by a worm (10 damage)
             ... on Level 3 of the Dungeon.
             The game lasted 00:06:02 (1253 turns).

ASDMAN the Skirmisher (Ghoul Chaos Knight)          Turns: 1253, Time: 00:06:03

HP  -6/44        AC  5     Str 16      XL: 5   Next:  0%
MP   4/4         EV 11     Int  7      God: Xom
Gold 94          SH  0     Dex  9      Spells:  0 memorised,  4 levels left

Res.Fire  : . . .   See Invis. : .   a - +0 short sword (chaos)
Res.Cold  : + . .   Warding    : .   b - +2 leather armour
Life Prot.: + + +   Conserve   : .   (no shield)
Res.Poison: +       Res.Corr.  : .   (no helmet)
Res.Elec. : .       Clarity    : .   (no cloak)
Sust.Abil.: . .     Spirit.Shd : .   (no gloves)
Res.Mut.  : .       Stasis     : .   (no boots)
Res.Rott. : +       Flight     : .   (no amulet)
Saprovore : + + +                    (no ring)
                                     (no ring)

@: rotting, slightly resistant to hostile enchantments, very unstealthy
A: rotting body, claws 1, carnivore 3, cold resistance 1, life protection 3,
poison resistance, saprovore 3, slow healing 1, torment resistance, unbreathing
a: Renounce Religion


You were on level 3 of the Dungeon.
You worshipped Xom.
You were a toy of Xom.
You were not hungry.

You visited 1 branch of the dungeon, and saw 3 of its levels.

You collected 74 gold pieces.

Inventory:

Hand weapons
 a - a +0,+0 short sword of chaos (weapon)
Missiles
 i - a dart of dispersal (quivered)
Armour
 b - a +2 leather armour (worn)
Comestibles
 n - a chunk of bat flesh
 o - a cheese
 q - a chunk of adder flesh
 v - a chunk of giant cockroach flesh
 w - a chunk of adder flesh
 z - 2 chunks of worm flesh
Scrolls
 d - a scroll of remove curse {unknown}
 f - a scroll of fog {unknown}
 l - a scroll of noise {unknown}
 m - 2 scrolls of fear {unknown}
 r - 2 scrolls of identify {unknown}
 u - a scroll of amnesia {unknown}
Jewellery
 x - an uncursed ring of wizardry {unknown}
Potions
 c - a potion of blood {unknown}
 e - a potion of invisibility {unknown}
 g - 2 potions of might {unknown}
 h - 2 potions of slowing {unknown}
 j - a potion of resistance {unknown}
 k - a potion of curing {unknown}
 p - a potion of heal wounds {unknown}
 t - a potion of agility {unknown}


   Skills:
 + Level 4.1 Fighting
 + Level 3.6 Short Blades
 + Level 2.1 Armour
 + Level 2.2 Dodging


You had 4 spell levels left.
You didn't know any spells.

Dungeon Overview and Level Annotations

Branches:
Dungeon (3/27)

Altars:


Innate Abilities, Weirdness & Mutations

Your body is rotting away.
You have sharp fingernails.
You are carnivorous and can eat meat at any time.
Your flesh is cold resistant.
You are immune to negative energy.
Your system is resistant to poisons.
You thrive on rotten meat.
You heal slowly.
You are immune to unholy pain and torment.
You can survive without breathing.


Message History

You barely miss the worm.
The worm is lightly wounded.
You barely miss the worm.
The worm is lightly wounded.
The worm bites you!
You hit the worm.
The worm seems to speed up.
The worm is lightly wounded.
The worm closely misses you.
You barely miss the worm.
The worm is lightly wounded.
You barely miss the worm.
The worm is lightly wounded.
The worm bites you.
* * * LOW HITPOINT WARNING * * *
You hit the worm.
The worm is duplicated!
The worm is moderately wounded.
The worm bites you!
* * * LOW HITPOINT WARNING * * *
The worm bites you!
You die...

... #.# #.# #.#
#.# #.# #.#
#####.##########
#......@w........
#.###.##w...####
#.##.........
#.##....####
#)##....#
#.##....#
#.##....#
#.##....#
#.#####.#


You could see 2 worms.

Vanquished Creatures
  An orc wizard (D:3)
  4 adders
  A worm (D:3)
  A giant gecko (D:2)
  2 orcs (D:3)
  5 bats
  4 hobgoblins
  4 jackals (D:2)
  5 kobolds
  A giant cockroach (D:2)
  3 giant newts
  9 goblins
  7 rats
47 creatures vanquished.

Vanquished Creatures (others)
  A rat zombie (D:2)
1 creature vanquished.

Grand Total: 48 creatures vanquished

Notes
Turn   | Place    | Note
--------------------------------------------------------------
     0 | D:1      | ASDMAN, the Ghoul Chaos Knight, began the quest for the Orb.
     0 | D:1      | Reached XP level 1. HP: 17/17 MP: 1/1
    61 | D:1      | XOM: divination: detect creatures
    87 | D:1      | Reached skill level 1 in Dodging
   119 | D:1      | XOM: potion effect (might)
   220 | D:1      | XOM: potion effect (might)
   225 | D:1      | Reached XP level 2. HP: 22/24 MP: 2/2
   477 | D:2      | XOM: divination: magic mapping
   533 | D:2      | Reached XP level 3. HP: 20/30 MP: 3/3
   852 | D:2      | Reached skill level 4 in Fighting
  1035 | D:2      | Reached XP level 4. HP: 33/37 MP: 3/3
  1089 | D:2      | XOM: silly message
  1215 | D:3      | XOM: harmless Hex miscast
  1243 | D:3      | Reached XP level 5. HP: 23/44 MP: 4/4
  1253 | D:3      | Mangled by a worm

Action                   |  1- 3 |  4- 6 || total
-------------------------+-------+-------++-------
Melee: Short sword       |   122 |    54 ||   176
